 Dungeon Crawl Stone Soup version 0.28.0-53-g5a82cb258f (webtiles) character file.

Game seed: 8697779884205755674

897 PhantomBowie the Chopper (level 8, 0/71 HPs)
             Began as a Hill Orc Berserker on June 1, 2022.
             Was a Believer of Trog.
             Slain by an ogre
             ... wielding a +0 giant club
              (17 damage)
             ... on level 2 of the Dungeon on June 3, 2022.
             The game lasted 00:17:03 (5778 turns).

PhantomBowie the Chopper (Hill Orc Berserker)       Turns: 5778, Time: 00:17:04

Health: 0/71       AC: 13    Str: 22    XL:     8   Next: 7%
Magic:  8/8        EV:  9    Int:  7    God:    Trog [**....]
Gold:   141        SH:  5    Dex: 10    Spells: 7/7 levels left

rFire   . . .      SeeInvis .   a - +0 hand axe
rCold   . . .      Faith    .   (no shield)
rNeg    . . .      Spirit   .   i - +0 chain mail
rPois   .          Reflect  +   (no helmet)
rElec   .          Harm     .   e - +0 cloak
rCorr   .          Rampage  .   g - +0 pair of gloves
Will    .....                   c - +0 pair of boots
Stlth   ..........              n - amulet of reflection
HPRegen 0.21/turn               (no ring)
MPRegen 0.11/turn               (no ring)

@: no status effects
A: no striking features
a: Renounce Religion, Berserk, Trog's Hand


You were on level 2 of the Dungeon.
You worshipped Trog.
Trog was pleased with you.
You visited 1 branch of the dungeon, and saw 5 of its levels.

You collected 197 gold pieces.
You spent 56 gold pieces at shops.

Inventory:

Hand Weapons
 a - a +0 hand axe (weapon)
Missiles
 d - 2 poisoned darts (quivered)
 k - 2 boomerangs of dispersal
Armour
 c - a +0 pair of boots (worn)
 e - a +0 cloak (worn)
 g - a +0 pair of gloves (worn)
 i - a +0 chain mail (worn)
Jewellery
 n - an amulet of reflection (around neck)
Scrolls
 b - 3 scrolls of teleportation
 f - 2 scrolls of magic mapping
 h - a scroll of immolation {unknown}
 m - a scroll of identify
 q - a scroll of fear {unknown}
Potions
 j - a potion of resistance
 l - a potion of flight
 p - a potion of might {unknown}


   Skills:
 + Level 6.4 Fighting
 + Level 7.0 Axes
 + Level 5.3 Armour
 + Level 4.0 Dodging


You had 7 spell levels left.
You didn't know any spells.
Your spell library was empty.

Dungeon Overview and Level Annotations

Branches:
Dungeon (5/15)
 Temple: D:4-7

Altars:
Cheibriados
Gozag
Hepliaklqana
Okawaru
Sif Muna
Xom

Shops:
D:5 *

Annotations:
D:2 1 runed translucent door, Crazy Yiuf


Message History

m - a scroll of identify An ogre comes into view.
It is wielding a +0 giant club.
The ogre shouts!
The ogre moves out of view.
A hound zombie comes into view.
The ogre hits you with a +0 giant club! The hound zombie closely misses you.
You see here an adder corpse.
You completely miss the ogre. You punch the ogre.
The ogre is lightly wounded.
The ogre hits you with a +0 giant club!!
You barely miss the ogre.
The ogre is lightly wounded.
The ogre hits you with a +0 giant club!!
* * * LOW HITPOINT WARNING * * *
You barely miss the ogre.
The ogre is lightly wounded.
The ogre hits you with a +0 giant club.
* * * LOW HITPOINT WARNING * * *
You see here 8 sling bullets.
There is a stone staircase leading up here.
The ogre barely misses you.
You climb upwards.
There is a stone staircase leading down here.
The ogre barely misses you.
There is a stone staircase leading down here.
There is a stone staircase leading up here.
The ogre completely misses you.
You climb upwards.
There is a stone staircase leading down here.
There is a stone staircase leading up here.
The ogre hits you with a +0 giant club!
* * * LOW HITPOINT WARNING * * *
You climb upwards.
Level annotation: 1 runed translucent door, Crazy Yiuf
There is a stone staircase leading down here.
You hit the ogre.
The ogre is lightly wounded.
The ogre hits you with a +0 giant club!
You die...

.##########.#
.##.......#.#
.##.......#.#
.##.......#.#
.##...)...#.#
###.......#.#
..........#.#
###.......#(######
.......†.......O@#
####....#.#.####.###
# #....#.#.# #...#
####....#.#.######.#
......)†#.#......#.#
#######'#+######.#.#
...........# #.#.#
..####.....# #.#.#
.....'.....# #.#.#


You could see an ogre.

Vanquished Creatures
  2 ice beasts (D:5)
  A necrophage (D:4)
  3 scorpions (D:4)
  A water moccasin zombie (D:5)
  3 hounds
  2 centaur zombies (D:5)
  3 iguanas
  11 adders
  A worm (D:2)
  3 dart slugs
  2 orcs (D:3)
  5 ball pythons
  5 endoplasms
  5 giant cockroaches
  3 goblins
  A hobgoblin (D:3)
  3 jackals (D:3)
  6 quokkas
  7 bats
  4 frilled lizards
  4 kobolds
  5 rats
80 creatures vanquished.

Notes
Turn   | Place    | Note
-------+----------+-------------------------------------------
     0 | D:1      | PhantomBowie the Hill Orc Berserker began the quest for the
                  | Orb.
     0 | D:1      | Reached XP level 1. HP: 19/19 MP: 1/1
   251 | D:1      | Reached XP level 2. HP: 27/27 MP: 2/2
  1008 | D:2      | Reached XP level 3. HP: 33/33 MP: 3/3
  1095 | D:2      | Found a faded altar of an unknown god.
  1384 | D:2      | Reached ** piety under Trog
  1399 | D:2      | Reached XP level 4. HP: 37/40 MP: 4/4
  1832 | D:2      | Found a runed translucent door.
  1833 | D:2      | Noticed Crazy Yiuf
  2471 | D:3      | Reached skill level 5 in Axes
  2532 | D:3      | Reached XP level 5. HP: 42/47 MP: 5/5
  2993 | D:3      | Found a shimmering altar of Xom.
  3002 | D:3      | Found a hazy altar of Hepliaklqana.
  3002 | D:3      | Found an iron altar of Okawaru.
  3005 | D:3      | Found a shimmering blue altar of Sif Muna.
  3007 | D:3      | Found an opulent altar of Gozag.
  3322 | D:4      | Reached skill level 5 in Fighting
  3322 | D:4      | Reached XP level 6. HP: 40/56 MP: 6/6
  3908 | D:4      | Found a snail-covered altar of Cheibriados.
  4369 | D:4      | Noticed a necrophage
  4403 | D:4      | Killed a necrophage
  4805 | D:5      | Entered Level 5 of the Dungeon
  4821 | D:4      | Reached skill level 6 in Axes
  4830 | D:4      | Reached XP level 7. HP: 28/61 MP: 7/7
  5152 | D:5      | Identified the +2 leather armour of Terror {rElec Regen+
                  | Str-2}
  5182 | D:5      | Found Untuygge's General Store.
  5190 | D:5      | Bought a scroll of identify for 28 gold pieces
  5190 | D:5      | Bought a scroll of identify for 28 gold pieces
  5243 | D:5      | Reached skill level 5 in Armour
  5617 | D:5      | Reached XP level 8. HP: 66/71 MP: 8/8
  5623 | D:5      | Reached skill level 7 in Axes
  5778 | D:2      | Slain by an ogre

Illustrated notes

Levels and vault maps discovered:
D:1:      saegor_arrival_fortress, layout_basic
D:2:      layout_basic, dilly_ecumenical_altar_fadedgnrine, minivault_11,
          uniq_crazy_yiuf_cottage
D:3:      layout_loops_ring, minitemple, minmay_fractal_squares_5
D:4:      layout_layer_cave, mainiacjoe_overflow_brackets,
          kennysheep_generic_room_6
D:5:      layout_loops_ring, serial_shops, shop_fountains, shop,
          grunt_ministairs_8, uniq_menkaure

Skill      XL: |  1  2  3  4  5  6  7  8 |
---------------+-------------------------+-----
Fighting       | 4 5 6 |  6.4
Dodging        | 2 3 4 |  4.0
Armour         | 3 4 5 |  5.3
Axes           | 5 6 7 |  7.0

Action                   |  1- 3 |  4- 6 |  7- 9 || total
-------------------------+-------+-------+-------++-------
Melee: Hand axe          |   103 |   184 |   114 ||   401
       Punch             |     3 |     1 |     2 ||     6
Invok: Berserk           |       |       |     1 ||     1
  Use: Scroll            |       |       |     5 ||     5
Armor: Ring mail         |    23 |       |       ||    23
       Chain mail        |    18 |    94 |    65 ||   177
Dodge: Dodged            |    46 |    73 |    47 ||   166
Block: Other             |       |     8 |    12 ||    20
